 Dungeon Crawl Stone Soup version 0.26-a0-661-g406de6ba63 (webtiles) character file.

Game seed: 14147724518533568187

9670 runemasterragnar the Carver (level 11, -2/84 HPs)
             Began as a Human Fighter on Oct 8, 2020.
             Was a Believer of Wu Jian.
             Slain by an ettin
             ... wielding a +0 giant spiked club of distortion
              (10 damage)
             ... on level 3 of the Abyss.
             The game lasted 00:20:21 (13216 turns).

runemasterragnar the Carver (Human Fighter)        Turns: 13216, Time: 00:20:22

Health: -2/84      AC: 14    Str: 20    XL:     11   Next: 78%
Magic:  11/11      EV:  7    Int: 15    God:    Wu Jian [**....]
Gold:   585        SH: 16    Dex: 12    Spells: 10/10 levels left

rFire    . . .     SeeInvis .   N - +2 scimitar (freeze)
rCold    . . .     Faith    .   c - +0 kite shield
rNeg     . . .     Spirit   .   d - +0 plate armour {rPois}
rPois    +         Reflect  +   (no helmet)
rElec    .         Harm     .   s - +0 cloak
rCorr    .         Rampage  .   (no gloves)
MR       +....                  (no boots)
Stlth    ..........             g - amulet of reflection
HPRegen  0.24/turn              (no ring)
MPRegen  0.12/turn              h - ring "Utiofiurch" {MR+ Int+6}

@: silenced, lightly drained
A: no striking features
a: Wall Jump, Renounce Religion


You were on level 3 of the Abyss.
You worshipped Wu Jian.
Wu Jian was pleased with you.
You visited 1 branch of the dungeon, and saw 9 of its levels.
You visited the Abyss 1 time.

You collected 585 gold pieces.

Inventory:

Hand Weapons
 e - a +0 dagger
 y - a +1 dagger of chaos
 D - a +0 mace of protection
 N - a +2 scimitar of freezing (weapon)
Missiles
 a - 23 poisoned darts
 n - 18 boomerangs (quivered)
Armour
 b - a +0 scale mail
 c - a +0 kite shield (worn)
 d - a +0 plate armour of poison resistance (worn)
 m - a +0 plate armour
 s - a +0 cloak (worn)
 A - a +0 chain mail
Magical Staves
 E - an uncursed staff of conjuration {unknown}
 G - an uncursed staff of fire {unknown}
 H - an uncursed staff of conjuration {unknown}
Jewellery
 g - an amulet of reflection (around neck)
 h - the ring "Utiofiurch" (right hand) {MR+ Int+6}
   (You took it off a gnoll sergeant on level 7 of the Dungeon)

   [ring of intelligence]

   It affects your intelligence (+6).
   It affects your resistance to hostile enchantments.
 u - an uncursed ring of resist corrosion
 w - the ring of Zeivux {*Contam rF+ rC+ rN+++ MR+++ Slay-5}
   (You found it on level 9 of the Dungeon)

   [ring of protection from fire]

   It affects your accuracy and damage with ranged weapons and melee attacks
   (-5).
   It protects you from fire.
   It protects you from cold.
   It renders you almost immune to negative energy.
   It affects your resistance to hostile enchantments.
   It causes magical contamination when unequipped.
 z - an uncursed amulet of magic regeneration {unknown}
 C - the ring of Stoicism {Fire Dex+4}
   (You found it on level 7 of the Dungeon)

   [ring of fire]

   It enhances your fire magic.
   It affects your dexterity (+4).
   It protects you from fire.
   It makes you vulnerable to cold.
 K - an uncursed ring of fire
 V - a cursed ring of attention {unknown}
Wands
 q - a wand of random effects (35)
 P - a wand of paralysis (6)
 Q - a wand of polymorph (11)
Scrolls
 f - 2 scrolls of magic mapping
 i - 2 scrolls of immolation {unknown}
 j - 3 scrolls of enchant armour {unknown}
 l - 2 scrolls of enchant weapon
 p - 3 scrolls of teleportation
 r - 2 scrolls of remove curse
 t - a scroll of fog {unknown}
 v - a scroll of fear
 B - a scroll of blinking
 I - a scroll of vulnerability {unknown}
 J - 2 scrolls of silence {unknown}
 L - 2 scrolls of amnesia {unknown}
 S - 3 scrolls of random uselessness
Potions
 k - 3 potions of brilliance
 o - 5 potions of curing
 x - a potion of degeneration
 O - a potion of cancellation {unknown}
 T - a potion of flight {unknown}
 U - a potion of mutation {unknown}
Miscellaneous
 F - a phantom mirror


   Skills:
 + Level 7.4 Fighting
 * Level 9.9 Long Blades
 + Level 7.5 Armour
 + Level 6.6 Dodging
 + Level 7.5(7.4) Shields
 + Level 5.8(5.7) Evocations


You had 10 spell levels left.
You didn't know any spells.
Your spell library contained the following spells:

 Spells                   Type           Power        Failure   Level
 Freeze                   Ice            #...         100%        1
 Frozen Ramparts          Ice            #.....       100%        3
 Ozocubu's Armour         Ice            #.......     100%        3
 Hailstorm                Conj/Ice       #.......     100%        4
 Summon Ice Beast         Ice/Summ       #.......     100%        4


Dungeon Overview and Level Annotations

Branches:
Dungeon (9/15)             Temple (0/1) D:7             Orc (0/2) D:9
   Lair: D:8-11

Altars:
Dithmenos
Elyvilon
Fedhas
Kikubaaqudgha
Makhleb
Sif Muna
Vehumet
Wu Jian
Xom
Zin

Shops:
D:5 *

Annotations:
D:4 exclusion: statue
D:5 1 runed translucent door, Crazy Yiuf


Message History

You hit the ettin but do no damage.
The ettin is almost dead.
The helpless ettin fails to defend itself.
You slash the ettin! You freeze the ettin.
You kill the ettin!
The Council accepts your kill.
Unknown command.
Things that are here:
a cursed -2 giant spiked club; a +0 giant club of chaos A flayed ghost comes into view.
There is an empty arch of ancient stone, spattered with blood here.
A silent spectre comes into view.
The flayed ghost gestures.
Unknown command. 3 ettins and a thrashing horror come into view.
An ettin is wielding a +0 giant spiked club of distortion and a +0 giant spiked club of chaos.
An ettin is wielding a +0 giant club of distortion and a -1 giant club.
An ettin is wielding a +0 giant spiked club of distortion and a +0 giant club of chaos.
A thrashing horror comes into view.
You block the ettin's attack.
The ettin hits you with a +0 giant club of chaos!
You die...

## .. .# ## #. ≈ C#≈#
.. ## # ##C . # .##
.##.# .# .# . #≈# W##.
#.#.... ####.##.#
#W#C##....#
##...≈##≈###.##@# .#.
...# #≈#.##.##
.#.#.#.####≈##.## # .
#.#.....###∩##≈....# #
.##.....).........
...#..##.#.########...
.###. ..#..# ..
#....##. # ....#.#.#


You could see 3 ettins.

Vanquished Creatures
  A stone giant (D:9)
  An ettin (Abyss:3)
  Harold (D:8)
  A centaur warrior (D:9)
  A hydra (D:9)
  Psyche (D:8)
  A slime creature (D:9)
  A yak (D:7)
  Eustachio (D:6)
  A vampire mosquito (D:7)
  A water moccasin (D:7)
  2 ice beasts
  2 sky beasts (D:7)
  A black bear (D:8)
  A hornet zombie (D:8)
  5 orc warriors
  A boggart (D:9)
  7 ogres
  2 phantoms
  A necrophage (D:8)
  An eye of draining (D:8)
  3 centaurs
  9 bullfrogs
  A gnoll sergeant (D:7)
  A water moccasin skeleton (D:8)
  2 scorpions
  7 killer bees (D:8)
  A vampire bat (D:3)
  A howler monkey (D:7)
  6 wights
  4 crimson imps (D:5)
  5 hounds
  A jelly (D:8)
  5 orc wizards
  A centaur skeleton (D:9)
  2 orc priests
  2 iguanas
  6 worker ants
  2 hound zombies
  2 hound skeletons
  A howler monkey zombie (D:7)
  8 adders
  2 howler monkey skeletons
  A shadow imp (D:6)
  3 white imps
  An adder zombie (D:7)
  2 adder skeletons
  2 worms (D:2)
  A dart slug (D:2)
  3 fire bats (D:3)
  A leopard gecko (D:1)
  44 orcs
  2 spectral bats (D:3)
  16 bats
  3 bat skeletons (D:3)
  A bat zombie (D:3)
  3 giant cockroaches
  10 hobgoblins
  6 jackals
  4 quokkas
  A bat simulacrum (D:3)
  5 frilled lizards
  8 goblins
  A jackal zombie (D:6)
  11 kobolds
  A leopard gecko skeleton (D:8)
  2 quokka skeletons
  5 rats
243 creatures vanquished.

Vanquished Creatures (others)
  A quokka (D:7)
  4 plants (D:2)
  2 withered plants (D:2)
7 creatures vanquished.

Grand Total: 250 creatures vanquished

Notes
Turn   | Place    | Note
-------+----------+-------------------------------------------
     0 | D:1      | runemasterragnar the Human Fighter began the quest for the
                  | Orb.
     0 | D:1      | Reached XP level 1. HP: 18/18 MP: 1/1
   169 | D:1      | Reached XP level 2. HP: 24/24 MP: 2/2
   899 | D:1      | Reached XP level 3. HP: 29/29 MP: 3/3
  1475 | D:2      | Reached skill level 1 in Dodging
  1676 | D:2      | Found a blossoming altar of Fedhas.
  1680 | D:2      | Found an ancient bone altar of Kikubaaqudgha.
  1762 | D:2      | Reached XP level 4. HP: 35/35 MP: 4/4
  2366 | D:2      | Reached skill level 3 in Long Blades
  2856 | D:3      | Reached XP level 5. HP: 39/41 MP: 5/5
  3370 | D:3      | Reached XP level 6. HP: 48/48 MP: 6/6
  3693 | D:3      | Found a burning altar of Makhleb.
  4262 | D:3      | Reached skill level 4 in Long Blades
  4316 | D:3      | Reached XP level 7. HP: 53/54 MP: 7/7
  4492 | D:4      | Found an ornate altar of the Wu Jian Council.
  4567 | D:4      | Became a worshipper of the Wu Jian Council
  4675 | D:4      | Found a shimmering blue altar of Sif Muna.
  4912 | D:4      | Found a radiant altar of Vehumet.
  5176 | D:5      | Entered Level 5 of the Dungeon
  5404 | D:5      | Found a runed translucent door.
  5405 | D:5      | Noticed Crazy Yiuf
  5492 | D:5      | Reached skill level 5 in Long Blades
  5647 | D:5      | Reached XP level 8. HP: 55/61 MP: 8/8
  5682 | D:5      | Found a shimmering altar of Xom.
  5835 | D:5      | Found a glowing silver altar of Zin.
  6080 | D:5      | Found Zin's Purification Station.
  6081 | D:5      | Found a glowing silver altar of Zin.
  6129 | D:5      | Reached skill level 1 in Evocations
  6476 | D:6      | Reached * piety under Wu Jian
  6696 | D:6      | Reached skill level 5 in Armour
  6759 | D:6      | Found a shadowy altar of Dithmenos.
  6815 | D:6      | Reached skill level 6 in Long Blades
  6933 | D:6      | Noticed Eustachio
  6973 | D:6      | Killed Eustachio
  6973 | D:6      | Reached skill level 5 in Fighting
  6973 | D:6      | Reached skill level 5 in Shields
  6973 | D:6      | Reached XP level 9. HP: 32/68 MP: 9/9
  7854 | D:7      | Reached skill level 7 in Long Blades
  7919 | D:7      | Identified the ring "Utiofiurch" {MR+ Int+6}
  7948 | D:7      | Found a staircase to the Ecumenical Temple.
  8206 | D:7      | Got a pitted brass ring
  8368 | D:7      | Found a white marble altar of Elyvilon.
  8400 | D:7      | Identified the ring of Stoicism {Fire Dex+4} (You found it
                  | on level 7 of the Dungeon)
  9307 | D:8      | Reached XP level 10. HP: 70/76 MP: 0/10
  9320 | D:8      | Reached ** piety under Wu Jian
  9370 | D:8      | Reached skill level 5 in Dodging
 10007 | D:9      | Reached skill level 8 in Long Blades
 10711 | D:9      | Noticed a stone giant
 10728 | D:9      | Killed a stone giant
 11086 | D:9      | Noticed a centaur warrior
 11096 | D:9      | Killed a centaur warrior
 11096 | D:9      | Reached XP level 11. HP: 75/83 MP: 11/11
 11113 | D:9      | Got a faintly glowing turquoise ring
 11115 | D:9      | Identified the ring of Zeivux {*Contam rF+ rC+ rN+++ MR+++
                  | Slay-5} (You found it on level 9 of the Dungeon)
 11430 | D:8      | Reached skill level 9 in Long Blades
 11548 | D:8      | Noticed Harold
 11574 | D:8      | Killed Harold
 11574 | D:8      | Reached skill level 5 in Evocations
 12074 | D:8      | Noticed Psyche
 12083 | D:8      | Killed Psyche
 12693 | D:9      | Found a staircase to the Orcish Mines.
 12712 | D:9      | Noticed a four-headed hydra
 12724 | D:9      | Killed a ten-headed hydra
 12786 | D:9      | Noticed an orc knight
 12999 | D:9      | Cast into level 3 of the Abyss (orc knight)
 12999 | Abyss:3  | Found a stormy altar of Qazlal.
 12999 | Abyss:3  | Found a corrupted altar of Lugonu.
 13013 | Abyss:3  | Found a corrupted altar of Lugonu.
 13059 | Abyss:3  | Found a corrupted altar of Lugonu.
 13069 | Abyss:3  | Noticed a vampire mage
 13081 | Abyss:3  | Noticed a starcursed mass
 13153 | Abyss:3  | Noticed a sun demon
 13202 | Abyss:3  | Noticed an ettin
 13211 | Abyss:3  | Killed an ettin
 13213 | Abyss:3  | Noticed a flayed ghost
 13216 | Abyss:3  | Noticed an ettin
 13216 | Abyss:3  | Noticed an ettin
 13216 | Abyss:3  | Noticed an ettin
 13216 | Abyss:3  | Noticed a thrashing horror
 13216 | Abyss:3  | Noticed a thrashing horror
 13216 | Abyss:3  | Slain by an ettin

Illustrated notes

Levels and vault maps discovered:
D:1:      heliophobic_arrival_glass_houses, layout_basic
D:2:      layout_basic, grunt_temple_overflow_growth_and_decay
D:3:      layout_loops_ring, nicolae_overflow_hidden_temple, goddamned_bats
D:4:      layout_basic, vehumet_statue, overflow_temple_1_default, led_sif_book,
          nrook_mini_vaults
D:5:      layout_loops_ring, zin_purify, basic_altar, led_xom_imps,
          uniq_crazy_yiuf_cottage
D:6:      layout_cave_pods, nicolae_dithmenos_through_a_glass_darkly,
          corexii_checkpoint_a, uniq_eustachio
D:7:      minmay_the_grid_octo_triangle [minmay_the_grid_octo_thin_diamonds,
          minmay_the_grid_octo_prize_square_snowflake,
          minmay_the_grid_octo_checkered], layout_basic, elyvilon_altar_4,
          minmay_temple_entry_proselytizer
D:8:      layout_cave_pools, grunt_decor_cap, uniq_psyche, uniq_harold
D:9:      minmay_chopped_fan, layout_irregular_city, david_orc_3,
          minmay_fountain_box
Abyss:3:  base: D:5, nicolae_abyss_rune_left_handed,
          grunt_abyss_rune_forest_and_sorcery,
          dshaligram_kb_abyss_rune_zappy_water_cross, evilmike_abyss_exit_10,
          evilmike_abyss_rune_ettins

Skill      XL: |  1  2  3  4  5  6  7  8  9 10 11 |
---------------+----------------------------------+-----
Dodging        | 1 2 3 4 5 6 |  6.6
Long Blades    | 3 4 5 6 7 8 9 |  9.9
Armour         | 4 5 6 7 |  7.5
Fighting       | 4 5 6 7 |  7.4
Shields        | 4 5 6 7 |  7.5
Evocations     | 2 3 4 5 |  5.8

Action                   |  1- 3 |  4- 6 |  7- 9 | 10-12 || total
-------------------------+-------+-------+-------+-------++-------
Melee: Long sword        |   100 |   244 |   446 |   205 ||   995
       Scimitar          |       |       |       |   228 ||   228
Throw: Boomerang         |       |    20 |    20 |     2 ||    42
Invok: Lunge             |       |       |    17 |    23 ||    40
       Whirlwind         |       |       |     6 |    36 ||    42
 Abil: Wall Jump         |       |       |       |    13 ||    13
Evoke: Wand              |       |       |     4 |     3 ||     7
  Use: Scroll            |     2 |     1 |    10 |     8 ||    21
       Potion            |       |       |     4 |     3 ||     7
 Stab: Paralysed         |       |       |     4 |    13 ||    17
Armor: Scale mail        |    50 |   116 |    45 |       ||   211
       Chain mail        |       |       |   119 |    43 ||   162
       Plate armour      |       |       |       |    65 ||    65
       Skin              |       |       |       |     1 ||     1
Dodge: Dodged            |    34 |   106 |   128 |    74 ||   342
Block: Kite shield       |    58 |   191 |   351 |   288 ||   888
       Reflection        |       |       |    12 |     7 ||    19
       Rpst.: Long sword |    12 |    31 |    39 |    14 ||    96
       Scimitar          |       |       |       |     9 ||     9

Table legend: (Time is in decaauts)
 A = Elapsed time spent in this place.
 B = Non-inter-level travel time spent in this place.
 C = Inter-level travel time spent in this place.
 D = Time resting spent in this place.
 E = Time spent auto-exploring this place.
 F = Levels seen in this place.
 G = Mean time per level.
                   A        B        C        D        E       F      G
               +--------+--------+--------+--------+--------+-----+--------+
         Total |  13435 |  12677 |    758 |   3049 |   6656 |  10 | 1343.5 |
       Dungeon |  13238 |  12480 |    758 |   3049 |   6656 |   9 | 1470.9 |
         Abyss |    197 |    197 |      0 |      0 |      0 |   1 |  197.0 |
               +--------+--------+--------+--------+--------+-----+--------+

Top non-repeatable levels by time:
     D:7: 2088 daAuts
     D:9: 2084 daAuts
     D:3: 1656 daAuts
     D:2: 1604 daAuts
     D:6: 1458 daAuts
     D:8: 1239 daAuts
     D:1: 1233 daAuts
     D:5: 1053 daAuts
     D:4: 819 daAuts
 Abyss:3: 197 daAuts
